 Dungeon Crawl Stone Soup version 0.26-a0-1181-gd376ed14c5 (webtiles) character file.

Game seed: 10744063120505852773

26 runemasterragnar the Skirmisher (level 3, -1/40 HPs)
             Began as an Ogre Delver on Dec 26, 2020.
             Slain by a leopard gecko (2 damage)
             ... on level 4 of the Dungeon.
             The game lasted 00:01:08 (902 turns).

runemasterragnar the Skirmisher (Ogre Delver)        Turns: 902, Time: 00:01:08

Health: -1/40      AC:  3    Str: 16    XL:     3   Next: 8%
Magic:  3/3        EV: 10    Int: 12    God:
Gold:   15         SH:  0    Dex: 10    Spells: 2/2 levels left

rFire    . . .     SeeInvis .   a - +0 mace
rCold    . . .     Faith    .   (no shield)
rNeg     . . .     Spirit   .   b - +0 robe
rPois    .         Reflect  .   (helmet restricted)
rElec    .         Harm     .   (no cloak)
rCorr    .         Rampage  .   (gloves unavailable)
Will     .....                  (boots unavailable)
Stlth    ++........             (no amulet)
HPRegen  0.13/turn              (no ring)
MPRegen  0.08/turn              (no ring)

@: lethally poisoned (-1 -> -8), hasted, quick
A: large, unfitting armour, tough skin 1
a: no special abilities


You were on level 4 of the Dungeon.
You visited 1 branch of the dungeon, and saw 2 of its levels.

You collected 15 gold pieces.

Inventory:

Hand Weapons
 a - a +0 mace (weapon)
Armour
 b - a +0 robe (worn)
Wands
 g - a wand of digging (3)
Scrolls
 c - a scroll of fog
 e - a scroll of fear
 h - a scroll of identify {unknown}


   Skills:
 + Level 4.4 Fighting
 + Level 2.1 Maces & Flails
 + Level 2.1 Dodging
 + Level 3.9 Stealth


You had 2 spell levels left.
You didn't know any spells.
Your spell library was empty.

Dungeon Overview and Level Annotations

Branches:
Dungeon (5/15)
 Temple: D:4-7

Altars:


Innate Abilities, Weirdness & Mutations

You are too large for most types of armour.
You have tough skin. (AC +1)


Message History

You open the door.
The iguana hisses menacingly.
The adder bites you.
* * * LOW HITPOINT WARNING * * *
A leopard gecko, a rat, a river rat and a worm come into view.
* * * LOW HITPOINT WARNING * * *
You feel sick.
There is an open door here.
You enter the shallow water.
Moving in this stuff is going to be slow.
* * * LOW HITPOINT WARNING * * *
You feel sick.
* * * LOW HITPOINT WARNING * * *
You feel sick.
You hit the rat but do no damage.
* * * LOW HITPOINT WARNING * * *
You feel sick.
The leopard gecko hisses angrily.
The leopard gecko bites you.
You die...

*,,,,,,.,#l##.#<.......#*****
*,*****#.#.##.##........,,,,,
***+*****#................,,,,,
*,,,,,,,*#..#.#...........,,,,,
*,,,,,,,*#.......w..#####******
*,,,,,,,,...........#*****
*,,,,,,**#.####(.+#.#*,,,*
*,,,,,,*≈###≈r##+.#.#*,,,*
*,,,,,,*≈+≈≈≈l@≈#B#.##...*
***+**,*∩+≈≈wr≈S#........* ***
*,,,,*≈###≈≈##'B.......* *,,
****,***,####..##....##* *,,
*,,,,,,,....#*....# *,,
****,**###..#*....# *,< *,*
#...*,#### *,, *,****#.#.*,*
*,, *******,,,,,..,.,,* *,,


You could see a worm, a worker ant, an adder, a river rat (asleep), a leopard
gecko and a rat.

Vanquished Creatures
  2 adders (D:5)
  An ufetubus (D:5)
  A leopard gecko (D:5)
4 creatures vanquished.

Notes
Turn   | Place    | Note
-------+----------+-------------------------------------------
     0 | D:5      | runemasterragnar the Ogre Delver began the quest for the
                  | Orb.
     0 | D:5      | Reached XP level 1. HP: 24/24 MP: 1/1
    73 | D:5      | Reached XP level 2. HP: 5/32 MP: 2/2
    75 | D:5      | HP: 1/32 [ufetubus (3)]
   694 | D:5      | Reached XP level 3. HP: 23/40 MP: 3/3
   777 | D:5      | Noticed a phantom
   901 | D:4      | HP: 2/40 [poisoned by an adder]
   902 | D:4      | Slain by a leopard gecko

Illustrated notes

Levels and vault maps discovered:
D:4:      kennysheep_spiral_hall, layout_basic, gup_sewer_entry_bowl,
          uniq_menkaure, uniq_eustachio
D:5:      layout_basic, chequers_arboretum

Skill      XL: |  1 |
---------------+----+-----
Maces & Flails | 2 |  2.1
Dodging        | 2 |  2.1
Fighting       | |  4.4
Stealth        | |  3.9

Action                   || total
-------------------------++-------
Melee: Mace              ||    40
  Use: Potion            ||     2
       Scroll            ||     1
Armor: Robe              ||    11
Dodge: Dodged            ||    34

Table legend: (Time is in decaauts)
 A = Elapsed time spent in this place.
 B = Non-inter-level travel time spent in this place.
 C = Inter-level travel time spent in this place.
 D = Time resting spent in this place.
 E = Time spent auto-exploring this place.
 F = Levels seen in this place.
 G = Mean time per level.
                   A        B        C        D        E       F      G
               +--------+--------+--------+--------+--------+-----+--------+
         Total |    907 |    907 |      0 |    582 |    215 |   2 |  453.5 |
       Dungeon |    907 |    907 |      0 |    582 |    215 |   2 |  453.5 |
               +--------+--------+--------+--------+--------+-----+--------+

Top non-repeatable levels by time:
     D:5: 878 daAuts
     D:4: 29 daAuts
